 Dungeon Crawl Stone Soup version 0.31-a0-234-gad7ace16ef (webtiles) character file.

Game seed: 6636644291587731595

1330 qw the Skirmisher (level 8, 0/49 HPs)
             Began as a Gargoyle Hexslinger on July 9, 2023.
             Slain by a water moccasin (3 damage)
             ... on level 7 of the Dungeon.
             The game lasted 00:02:02 (5042 turns).

qw the Skirmisher (Gargoyle Hexslinger)             Turns: 5042, Time: 00:02:02

Health: 0/49       AC: 15    Str: 12    XL:     8   Next: 60%
Magic:  9/9        EV: 15    Int: 14    God:
Gold:   292        SH:  5    Dex: 14    Spells: 8/9 levels left

rFire   . . .        c - +0 shortbow (heavy)
rCold   . . .        (shield currently unavailable)
rNeg    + . .        l - +0 ring mail
rPois   inf          (no helmet)
rElec   +            (no cloak)
rCorr   .            (no gloves)
SInv    .            (no boots)
Will    .....        d - amulet of reflection
Stlth   +            f - +4 ring of protection
HPRegen 0.28/turn    a - +5 ring of evasion
MPRegen 0.11/turn

%: reflection
@: about to teleport
A: sickness immunity, AC +5, negative energy resistance 1, electricity
resistance, torment resistance 1, petrification resistance, MP-powered wands
a: no special abilities


You were on level 7 of the Dungeon.
You visited 2 branches of the dungeon, and saw 8 of its levels.

You collected 346 gold pieces.
You spent 54 gold pieces at shops.


Innate Abilities, Weirdness & Mutations

You are immune to sickness and miasma.
Your stone body is resilient. (AC +5)
You are immune to poison.
You resist negative energy. (rN+)
You are resistant to electric shocks. (rElec)
You are resistant to unholy torment.
You are immune to petrification.
You expend magic power (3 MP) to strengthen your wands.


   Skills:
 - Level 5.2 Fighting
 - Level 9.0 Ranged Weapons
 - Level 1.8 Armour
 + Level 1.6 Dodging
 - Level 1.0 Spellcasting
 - Level 2.6 Hexes


You had 8 spell levels left.
You knew the following spells:

 Your Spells              Type           Power      Damage    Failure   Level
a - Slow                  Hex            32%        N/A       19%         1

Your spell library contained the following spells:

 Spells                   Type           Power      Damage    Failure   Level
 Inner Flame              Hex/Fire       4%         N/A       69%         3
 Portal Projectile        Hex/Tloc       8%         N/A       69%         3
 Cause Fear               Hex            4%         N/A       88%         4

Inventory:

Hand Weapons
 c - a +0 heavy shortbow (weapon)
Armour
 l - a +0 ring mail (worn)
Jewellery
 a - a +5 ring of evasion (right hand)
 d - an amulet of reflection (around neck)
 f - a +4 ring of protection (left hand)
Scrolls
 b - a scroll of identify
 e - a scroll of enchant armour
 k - a scroll of teleportation
Potions
 h - a potion of haste
 i - 2 potions of curing
 j - a potion of heal wounds
 m - a potion of mutation

Dungeon Overview and Level Annotations

Branches:
Dungeon (7/15)             Temple (1/1) D:7

Altars:
Ashenzari
Cheibriados
Dithmenos
Elyvilon
Fedhas
Gozag
Hepliaklqana
Makhleb
Nemelex Xobeh
Qazlal
Ru
Sif Muna
Trog
Wu Jian
Xom
Zin
The Shining One

Shops:
D:3 :(((:

Annotations:
D:4 4 runed translucent doors


Message History

A troll comes into view.
The wyvern bites you! The wyvern misses you.
You shoot an arrow. The troll shouts!
The arrow hits the wyvern but does no damage.
The wyvern is lightly wounded.
You block the wyvern's attack.
The wyvern hisses menacingly.
The wyvern bites you! The wyvern barely misses you.
The wyvern bites you but does no damage.
The wyvern barely misses you. The wyvern bites you!
You shoot an arrow. The arrow closely misses the wyvern.
The arrow barely misses the orc.
The wyvern closely misses you.
The wyvern bites you but does no damage.
You block the wyvern's attack. The wyvern barely misses you.
A water moccasin comes into view.
You shoot an arrow. The arrow closely misses the wyvern.
The water moccasin hisses angrily.
The arrow hits the orc!!
You kill the orc!
The wyvern closely misses you.
The wyvern bites you but does no damage.
You block the wyvern's attack.
The wyvern bites you but does no damage.
You block the wyvern's attack.
You shoot an arrow. The arrow hits the wyvern.
The wyvern is lightly wounded.
You block the wyvern's attack. The wyvern barely misses you.
You block the wyvern's attack. x2; The wyvern closely misses you.
You shoot an arrow. The arrow hits the wyvern!
The wyvern is heavily wounded.
You block the wyvern's attack. The wyvern bites you! The wyvern bites you.
The wyvern closely misses you.
5042 ||| READING 2 scrolls of teleportation.
As you read the scroll of teleportation, it crumbles to dust.
You feel strangely unstable. The wyvern barely misses you.
You block the wyvern's attack. The wyvern closely misses you.
The water moccasin bites you.
You die...

#.#..##.######......
..................#
###.###.##########.#
#................#.#
#.#..###########.#.#
#.......... #.#.#
..#.##........##
#.#.#
.$.....S#####..#
#.#.# .......#@# ..
#.#.# ####..#l#l# .
#..^. #..## #)#
#...# ##. #!# #...#
#. #.# #...# #.#
#...# #.. #...# .#
#...# #...#


You could see a water moccasin and 2 wyverns.

Vanquished Creatures
  Sigmund (D:5)
  A black bear (D:7)
  2 ogres
  A phantom (D:3)
  A bullfrog (D:4)
  A kobold brigand (D:6)
  Blork the orc (D:5)
  2 scorpions
  A wight (D:7)
  A howler monkey (D:7)
  A jelly (D:5)
  2 hounds
  3 iguanas (D:5)
  3 gnolls (D:3)
  9 adders
  2 white imps
  An ufetubus (D:4)
  8 worms
  2 dart slugs
  5 orcs
  5 ball pythons
  9 bats
  9 endoplasms
  7 goblins
  9 hobgoblins
  7 quokkas
  4 frilled lizards
  18 kobolds
  9 rats
125 creatures vanquished.

Notes
Turn   | Place    | Note
-------+----------+-------------------------------------------
     0 | D:1      | qw the Gargoyle Hexslinger began the quest for the Orb.
     0 | D:1      | Reached XP level 1. HP: 12/12 MP: 2/2
     0 | D:1      | 0 ||| qw: Version: 0.3-a-51-g015441d
     0 | D:1      | 0 ||| qw: Game counter: 4150
     0 | D:1      | 0 ||| qw: Melee chars always use a shield: true
     0 | D:1      | 0 ||| qw: God list: Okawaru
     0 | D:1      | 0 ||| qw: Allow faded altars: false
     0 | D:1      | 0 ||| qw: Do Orc after clearing Dungeon:15 true
     0 | D:1      | 0 ||| qw: Do second Lair branch before Depths: true
     0 | D:1      | 0 ||| qw: Lair rune preference: random
     0 | D:1      | 0 ||| qw: Goals: Normal
     0 | D:1      | 0 ||| PLANNING D:1-11
   135 | D:1      | Reached XP level 2. HP: 13/16 MP: 3/3
   204 | D:1      | Reached skill level 3 in Ranged Weapons
   351 | D:1      | Reached XP level 3. HP: 21/21 MP: 4/4
   850 | D:1      | 850 ||| UPGRADING to +4 ring of protection.
   851 | D:1      | 851 ||| READING scroll labelled AZUMIO MILEOD.
   852 | D:1      | 852 ||| READING scroll labelled OCESSY GAASK.
   853 | D:1      | 853 ||| DROPPING scroll of poison.
  1569 | D:2      | 1569 ||| UPGRADING to +5 ring of evasion.
  1570 | D:2      | 1570 ||| READING scroll labelled ICLOCU POTRIFF.
  1571 | D:2      | 1571 ||| READING scroll labelled FARODW TYLAANU.
  1572 | D:2      | 1572 ||| DRINKING 2 emerald potions.
  1573 | D:2      | 1573 ||| DRINKING 2 coppery potions.
  1574 | D:2      | 1574 ||| DRINKING 2 blue potions.
  1575 | D:2      | 1575 ||| DROPPING potion of attraction.
  1576 | D:2      | 1576 ||| DROPPING potion of brilliance.
  1589 | D:3      | 1589 ||| PLANNING SEWER
  1604 | D:3      | Found Rerph's Weapon Emporium.
  1607 | D:3      | Reached XP level 4. HP: 26/26 MP: 5/5
  1691 | D:3      | Reached skill level 4 in Ranged Weapons
  1701 | D:3      | Noticed a phantom
  1706 | D:3      | Killed a phantom
  1707 | D:3      | Reached skill level 5 in Ranged Weapons
  1707 | D:3      | Reached XP level 5. HP: 30/30 MP: 6/6
  1778 | D:3      | 1778 ||| Stepping ~*~*~tactically~*~*~ (water).
  1803 | D:3      | Found Nuenupt's Weapon Shoppe.
  1842 | D:3      | Found Giopy's Book Shoppe.
  1917 | D:3      | Found Lastrulo's Vocational Training.
  1962 | D:3      | Reached skill level 3 in Fighting
  1973 | D:3      | Found Plog's Antique Weapon Boutique.
  1977 | D:3      | 1977 ||| BUYING shortbow (54 gold).
  1977 | D:3      | Bought a shortbow for 54 gold pieces
  1977 | D:3      | 1977 ||| SHOPLISTING translucent shortbow (144 gold, have
                  | 70).
  1977 | D:3      | 1977 ||| SWAPPING to +0 shortbow.
  1978 | D:3      | 1978 ||| DROPPING +1 sling of electrocution.
  2341 | D:3      | 2341 ||| RIP SEWER
  2344 | D:3      | 2344 ||| PLANNING D:1-11
  2359 | D:3      | Reached XP level 6. HP: 37/37 MP: 7/7
  2406 | D:3      | 2406 ||| UPGRADING to amulet of reflection.
  2411 | D:3      | 2411 ||| READING 2 scrolls labelled WYGYDD MENA.
  2415 | D:3      | 2415 ||| READING scroll labelled ACHOAST HYPHUE.
  2416 | D:3      | 2416 ||| READING 3 scrolls of identify.
  2416 | D:3      | 2416 ||| IDENTIFYING pink potion
  2417 | D:3      | 2417 ||| READING 2 scrolls of identify.
  2417 | D:3      | 2417 ||| IDENTIFYING black potion
  2423 | D:4      | You fall into a shaft and drop 3 floors!
  2449 | D:6      | Reached skill level 6 in Ranged Weapons
  2456 | D:6      | 2456 ||| Stepping ~*~*~tactically~*~*~ (outnumbered).
  2507 | D:6      | Found a hazy altar of Hepliaklqana.
  2536 | D:6      | Reached XP level 7. HP: 44/44 MP: 8/8
  2606 | D:6      | 2606 ||| UPGRADING to +0 leather armour.
  2616 | D:6      | 2616 ||| DROPPING +0 robe.
  2623 | D:5      | Entered Level 5 of the Dungeon
  2687 | D:5      | Found a glowing golden altar of the Shining One.
  2748 | D:4      | Found the +10 zealot's sword {holy, Zealotry, *Rage rN+
                  | EV+3}
  2804 | D:4      | Identified the +6 scale mail of Acops {rElec rPois rN+}
  2879 | D:4      | 2879 ||| READING scroll of brand weapon.
  2879 | D:4      | 2879 ||| BRANDING +0 shortbow.
  3027 | D:4      | Found a large runed translucent door.
  3027 | D:4      | Found a large runed translucent door.
  3061 | D:4      | Noticed a steam dragon
  3065 | D:4      | Found a large runed translucent door.
  3065 | D:4      | Found a large runed translucent door.
  3099 | D:4      | 3099 ||| Stepping ~*~*~tactically~*~*~ (outnumbered).
  3124 | D:4      | Reached skill level 7 in Ranged Weapons
  3198 | D:4      | 3198 ||| UPGRADING to +0 ring mail.
  3208 | D:4      | 3208 ||| DROPPING +0 leather armour.
  3209 | D:4      | 3209 ||| READING scroll labelled VIVASK JODIU.
  3210 | D:4      | 3210 ||| READING 3 scrolls of identify.
  3210 | D:4      | 3210 ||| IDENTIFYING purple potion
  3211 | D:4      | 3211 ||| DROPPING potion of degeneration.
  3312 | D:5      | Noticed Blork the orc
  3317 | D:5      | Killed Blork the orc
  3318 | D:5      | Reached skill level 1 in Armour
  3504 | D:5      | Noticed Sigmund
  3515 | D:5      | Killed Sigmund
  3516 | D:5      | Reached XP level 8. HP: 41/48 MP: 9/9
  3603 | D:5      | Reached skill level 8 in Ranged Weapons
  3973 | D:5      | 3973 ||| READING scroll labelled KEGHAU YRUUTUITEXT.
  3974 | D:5      | 3974 ||| DRINKING 2 viscous black potions.
  3974 | D:5      | Gained mutation: You expend magic power (3 MP) to
                  | strengthen your wands. [potion of mutation]
  3975 | D:5      | 3975 ||| READING 3 scrolls of identify.
  3975 | D:5      | 3975 ||| IDENTIFYING smoky orange potion
  3976 | D:5      | 3976 ||| DROPPING potion of ambrosia.
  4557 | D:6      | 4557 ||| DROPPING amulet of magic regeneration.
  4770 | D:7      | Found a staircase to the Ecumenical Temple.
  4771 | D:7      | 4771 ||| PLANNING TEMPLE
  4771 | D:7      | 4771 ||| READING 2 scrolls of identify.
  4771 | D:7      | 4771 ||| IDENTIFYING metallic pink potion
  4772 | D:7      | 4772 ||| DROPPING potion of berserk rage.
  4780 | Temple   | Entered the Ecumenical Temple
  4894 | Temple   | 4894 ||| PLANNING D:1-11
  5025 | D:7      | Noticed a wyvern
  5033 | D:7      | Reached skill level 9 in Ranged Weapons
  5035 | D:7      | Noticed a wyvern
  5036 | D:7      | Noticed a troll
  5041 | D:7      | HP: 7/49 [wyvern (9)]
  5041 | D:7      | HP: 2/49 [wyvern (5)]
  5042 | D:7      | 5042 ||| READING 2 scrolls of teleportation.
  5042 | D:7      | Slain by a water moccasin

Levels and vault maps discovered:
D:1:      onia_arrival_mini_maze_b, layout_basic
D:2:      layout_rooms, minivault_19, hangedman_decor_growths,
          minmay_strange_pillars, kennysheep_cross_room, chequers_mini_garden,
          minivault_11
D:3:      layout_basic, lightli_sewer_entry_pipes, serial_shops,
          nicolae_shop_bloodbath_and_beyond, shop,
          nicolae_shop_pleasant_corner_grove, shop, st_stairs_4,
          palyth_stone_intersect, nicolae_shop_vocational
D:4:      layout_rooms, minmay_hollow_rounded_squares
D:5:      layout_loops_ring, kennysheep_mini_moat, uniq_blork_the_orc,
          uniq_sigmund
D:6:      layout_basic, mainiacjoe_overflow_concentric_impassable, minivault_19
D:7:      layout_basic, minmay_temple_entry_wispy, minmay_circle_x,
          uniq_prince_ribbit1
Temple:   nicolae_temple_superstar

Skill      XL: |  1  2  3  4  5  6  7  8 |
---------------+-------------------------+-----
Ranged Weapons | 3 5 6 7 9 |  9.0
Fighting       | 2 3 4 5 |  5.2
Armour         | 1 |  1.8
Dodging        | |  1.6
Spellcasting   | |  1.0
Hexes          | |  2.6

Action                     |  1- 3 |  4- 6 |  7- 9 || total
---------------------------+-------+-------+-------++-------
   Fire: Sling             |   147 |    62 |       ||   209
         Shortbow          |       |   100 |   148 ||   248
    Use: Scroll            |     4 |     4 |     7 ||    15
         Potion            |     3 |       |     1 ||     4
 Armour: Robe              |    13 |    21 |       ||    34
         Leather armour    |       |       |    10 ||    10
         Ring mail         |       |       |    34 ||    34
  Dodge: Dodged            |    35 |    83 |    93 ||   211
  Block: Other             |       |    11 |    37 ||    48
         Reflection        |       |       |     1 ||     1

Table legend:
 A = Non-vault XP
 B = Vault XP
 C = Vault XP percentage of total XP
 D = Non-vault monster count
 E = Vault monster count
 F = Vault count percentage of total count
                 A         B        C        D         E       F
            +---------+---------+-------+---------+---------+-------
      Total |    1257 |     643 |  33.8 |      99 |      26 |  20.8
            +---------+---------+-------+---------+---------+-------
        D:1 |      45 |       1 |   2.2 |      30 |       1 |   3.2
        D:2 |      35 |       0 |   0.0 |      15 |       0 |   0.0
        D:3 |     188 |      83 |  30.6 |      18 |      12 |  40.0
        D:4 |      87 |     110 |  55.8 |      14 |       7 |  33.3
        D:5 |     298 |     314 |  51.3 |       7 |       2 |  22.2
        D:6 |     340 |       0 |   0.0 |      11 |       0 |   0.0
        D:7 |     264 |     135 |  33.8 |       4 |       4 |  50.0
            +---------+---------+-------+---------+---------+-------
